 Dungeon Crawl Stone Soup version 0.30-b1-2-g02819fbbbe (webtiles) character file.

Game seed: 3844535584126910786

143100 Mesmaeker13 the Warrior (level 17, -18/144 HPs)
             Began as a Barachi Artificer on Aug 20, 2023.
             Was an Initiate of Yredelemnul.
             Demolished by a naga warrior
             ... wielding a +0 scimitar
              (35 damage)
             ... on level 4 of the Snake Pit.
             The game lasted 01:43:10 (29190 turns).

Mesmaeker13 the Warrior (Barachi Artificer)        Turns: 29190, Time: 01:43:10

Health: -18/144    AC: 13    Str: 22    XL:     17   Next: 36%
Magic:  25/25      EV: 28    Int: 16    God:    Yredelemnul [......]
Gold:   1327       SH:  5    Dex: 20    Spells: 13/16 levels left

rFire   . . .        g - +6 glaive (freeze)
rCold   . . .        (shield currently unavailable)
rNeg    + + .        P - +0 swamp dragon scales
rPois   +            S - +1 helmet of Bawor {*Corrode Str+3 Int+4 Dex+6}
rElec   +            K - +0 cloak
rCorr   .            C - +2 pair of gloves
SInv    .            r - +2 pair of boots
Will    +....        D - amulet "Beruafui" {Reflect Dex+2 Slay+3 SH+5}
Stlth   +            H - ring "Zautz" {rElec rN++ EV+5 Int-3}
HPRegen 0.44/turn    c - +5 ring of evasion
MPRegen 0.19/turn

%: corrode self (3%), reflection
@: corroded, slow
A: amphibious, slowness 1, strong legs 2, +LOS
a: Hop, Renounce Religion, Recall Undead Harvest


You were on level 4 of the Snake Pit.
You worshipped Yredelemnul.
Yredelemnul was aware of your devotion.
You visited 5 branches of the dungeon, and saw 27 of its levels.

You collected 3022 gold pieces.
You spent 1695 gold pieces at shops.

Inventory:

Hand Weapons
 g - a +6 glaive of freezing (weapon)
 T - a +2 trident of freezing
Missiles
 x - 16 boomerangs (quivered)
Armour
 i - a +3 scale mail of fire resistance
 r - a +2 pair of boots (worn)
 C - a +2 pair of gloves (worn)
 G - a +2 chain mail of fire resistance
 K - a +0 cloak (worn)
 P - +0 swamp dragon scales (worn)
 S - the +1 helmet of Bawor (worn) {*Corrode Str+3 Int+4 Dex+6}
   (You bought it in a shop on level 8 of the Dungeon)

   Str:       It affects your strength (+3).
   Int:       It affects your intelligence (+4).
   Dex:       It affects your dexterity (+6).
   *Corrode:  It may corrode you when you take damage.
Jewellery
 c - a +5 ring of evasion (right hand)
 t - a ring of see invisible
 D - the amulet "Beruafui" (around neck) {Reflect Dex+2 Slay+3 SH+5}
   (You bought it in a shop on level 2 of the Orcish Mines)

   [amulet of reflection]

   It reflects blocked missile attacks.
   Dex:       It affects your dexterity (+2).
   Slay:      It affects your accuracy & damage with ranged weapons and melee
   (+3).
   SH:        It affects your SH (+5).
 H - the ring "Zautz" (left hand) {rElec rN++ EV+5 Int-3}
   (You found it on level 2 of the Snake Pit)

   [ring of evasion]

   EV:        It affects your evasion (+5).
   Int:       It affects your intelligence (-3).
   rElec:     It insulates you from electricity.
   rN:        It greatly protects you from negative energy.
 I - a ring of ice
 J - an amulet of regeneration
 Q - a ring of fire
Wands
 f - a wand of paralysis (4)
 o - a wand of roots (4)
 u - a wand of flame (8)
 W - a wand of digging (4)
Scrolls
 a - 3 scrolls of silence
 e - 3 scrolls of fog
 l - a scroll of fear
 m - a scroll of enchant armour
 n - a scroll of noise
 q - a scroll of brand weapon
 w - a scroll of enchant weapon
 y - 2 scrolls of magic mapping
 A - 6 scrolls of teleportation
 E - a scroll of summoning
 F - 6 scrolls of blinking
 O - a scroll of poison
 U - 2 scrolls of amnesia
 Y - 7 scrolls of immolation
 Z - a scroll of identify
Potions
 b - a potion of curing
 d - 2 potions of ambrosia
 h - 4 potions of brilliance
 k - 4 potions of flight
 v - 8 potions of lignification
 z - 2 potions of invisibility {unknown}
 B - a potion of mutation
 L - a potion of haste
 M - 3 potions of resistance
 N - a potion of cancellation {unknown}
 R - 5 potions of might {unknown}
Miscellaneous
 j - a lightning rod (inert)
 V - a phantom mirror
 X - a box of beasts


   Skills:
 + Level 16.0 Fighting
 - Level 4.0 Long Blades
 - Level 2.4 Maces & Flails
 + Level 11.7 Polearms
 - Level 11.3 Throwing
 - Level 11.1 Armour
 + Level 11.1 Dodging
 - Level 0.8 Stealth
 + Level 5.6 Air Magic
 - Level 5.6 Poison Magic
 + Level 11.9 Invocations
 - Level 12.8 Evocations


You had 13 spell levels left.
You knew the following spells:

 Your Spells              Type           Power      Damage    Failure   Level
a - Mephitic Cloud        Conj/Pois/Air  12%        N/A       24%         3

Your spell library contained the following spells:

 Spells                   Type           Power      Damage    Failure   Level
 Swiftness                Air            18%        N/A       11%         3
 Shock                    Conj/Air       36%        1d5       12%         1
 Static Discharge         Conj/Air       18%        2-3/arc   17%         2
 Airstrike                Air            9%         2d(2-18)  34%         4
 Apportation              Tloc           0%         N/A       36%         1
 Freeze                   Ice            0%         1d3       36%         1
 Magic Dart               Conj           0%         1d3       36%         1
 Necrotise                Necr           0%         1d4       36%         1
 Sandblast                Erth           0%         2d4       36%         1
 Slow                     Hex            0%         N/A       36%         1
 Summon Small Mammal      Summ           0%         N/A       36%         1
 Ignite Poison            Fire/Tmut/Pois 6%         N/A       45%         3
 Call Imp                 Summ           0%         N/A       50%         2
 Ensorcelled Hibernation  Hex/Ice        0%         N/A       50%         2
 Lesser Beckoning         Tloc           0%         N/A       50%         2
 Passwall                 Tmut/Erth      0%         N/A       50%         2
 Searing Ray              Conj           0%         2d4       50%         2
 Confusing Touch          Hex            0%         N/A       73%         3
 Dazzling Flash           Conj/Hex       0%         N/A       73%         3
 Frozen Ramparts          Ice            0%         1d1       73%         3
 Gell's Gravitas          Tloc           0%         N/A       73%         3
 Hailstorm                Conj/Ice       0%         3d3       73%         3
 Stone Arrow              Conj/Erth      0%         3d7       73%         3
 Teleport Other           Tloc           0%         N/A       73%         3
 Vampiric Draining        Necr           0%         2d6       73%         3
 Summon Lightning Spire   Summ/Air       9%         N/A       75%         4
 Alistair's Intoxication  Tmut/Pois      6%         N/A       97%         5
 Silence                  Hex/Air        4%         N/A       97%         5
 Animate Armour           Summ/Erth      0%         N/A       98%         4
 Fulminant Prism          Conj/Hex       0%         3d5       98%         4
 Petrify                  Tmut/Erth      0%         N/A       98%         4
 Sticky Flame             Conj/Fire      0%         2d3       98%         4
 Agony                    Necr           0%         N/A       100%        5
 Metabolic Englaciation   Hex/Ice        0%         N/A       100%        5
 Summon Forest            Summ/Tloc      0%         N/A       100%        5
 Eringya's Noxious Bog    Tmut/Pois      4%         N/A       100%        6
 Statue Form              Tmut/Erth      0%         N/A       100%        6
 Summon Hydra             Summ           0%         N/A       100%        7
 Ignition                 Fire           0%         3d3       100%        8
 Lehudib's Crystal Spear  Conj/Erth      0%         10d2      100%        8


Dungeon Overview and Level Annotations

Branches:
Dungeon (15/15)            Temple (1/1) D:4            Lair (5/5) D:11
 Shoals (0/4) Lair:3        Snake (4/4) Lair:3        Slime (0/5) Lair:4
    Orc (2/2) D:9             Elf (0/3) Orc:2        Vaults (0/5) D:13
 Depths: D:15

Altars:
Ashenzari
Cheibriados
Dithmenos
Elyvilon
Fedhas
Gozag
Hepliaklqana
Kikubaaqudgha
Makhleb
Nemelex Xobeh
Okawaru
Qazlal
Ru
Sif Muna
Trog
Uskayaw
Vehumet
Wu Jian
Xom
Yredelemnul
Zin
The Shining One
Jiyva
Lugonu

Shops:
D:4 (   D:8 [   D:11 =   D:12 (   D:14 (   Orc:2 :(=[   Snake:3 :   Snake:4 ?

Portals:
Abyss: Lair:5
Trove: D:14 (give +6 demon trident)

Annotations:
Lair:2 exclusion: 2 oklob plants
Lair:5 exclusions: oklob plant and 2 more exclusions
Snake:3 3 runed translucent doors, MrClown's ghost, adept DsNe
Orc:1 Erica
Orc:2 3 runed translucent doors, Killmatronix's ghost, journeyman DsWr


Innate Abilities, Weirdness & Mutations

You are amphibious.
You cover ground slowly.
You can hop long distances.
You have an extended range of vision and can be seen from far away.


Message History

The naga warrior misses you. The naga warrior constricts you.
The naga warrior blocks your attack.
The naga warrior is almost dead.
The naga warrior roars a battlecry!
The naga warrior constricts you.
The naga sharpshooter gestures wildly while chanting.
The naga sharpshooter magically shoots an arrow.
The arrow hits you! The naga warrior blocks your attack.
The naga warrior is almost dead.
The naga warrior spits poison at you. The splash of poison hits you.
You resist. The naga warrior constricts you. The naga warrior misses you.
The naga warrior constricts you.
You feel much better.
The naga sharpshooter mumbles some strange words.
The naga sharpshooter magically shoots an arrow.
The arrow hits you!
Your corrosive artefact corrodes you!
The naga warrior loses its grip on you.
Unknown command.
The naga sharpshooter no longer looks unusually strong.
The naga warrior roars a battlecry!
The nagas go into a battle-frenzy!
The naga completely misses you.
The naga sharpshooter spits poison at you.
The splash of poison misses you.
The splash of poison hits the naga warrior.
The naga warrior completely resists.
The naga warrior hits you with a +0 mace!!
* * * LOW HITPOINT WARNING * * *
The naga warrior misses you.
The naga sharpshooter no longer looks unusually strong.
The naga warrior roars a battlecry!
The naga sharpshooter goes into a battle-frenzy!
The naga sharpshooter casts a spell.
The naga sharpshooter magically shoots an arrow.
The arrow hits you.
* * * LOW HITPOINT WARNING * * *
The naga warrior hits you with a +0 scimitar!!
You die...
Your body rises from the dead as a mindless zombie.

.........## ###......ZZZ.....#
..........# ###...........^.
#.........# #..............
#.........## #.....#####ZZ.=
#..........# #.....# #..[.
##.........# #.....# #..Z.
#.........########.....# #....
####.......##NNN##....## #.... #
##........##'#@##....#...#.....
###.........#NN###....##...#.....
..........))NN♣..##...#...##.....
.........N.)#.....##.##...#..##..
....N.....#####....###...#### ##.
.........## ##.......# ##
....N....# #...♣...# # .........#
#.......# .........# #.♣.).♣.#


You could see 2 naga warriors and a naga sharpshooter (strong, catching breath).

Vanquished Creatures
  Rupert (Lair:5)
  3 nagarajas
  The ghost of Termiter the Necromancer, a journeyman DsNe of Nemelex Xobeh (Snake:1)
  A salamander tyrant (Snake:2)
  2 ogre magi
  A rakshasa (D:14)
  2 hydras
  2 catoblepae
  2 centaur warriors
  2 anacondas (Snake:2)
  A boulder beetle (Lair:5)
  3 death yaks (Lair:5)
  6 two-headed ogres
  7 naga warriors
  7 naga sharpshooters
  Nergalle (Orc:1)
  3 thrashing horrors (Lair:5)
  2 shock serpents
  A fire crab (Lair:5)
  Sonja (Lair:4)
  9 skeletal warriors
  2 salamander mystics
  A deep elf archer (D:13)
  2 naga ritualists (Snake:4)
  Pikel (D:4)
  A deep elf zephyrmancer (D:13)
  8 mana vipers
  5 deep elf pyromancers
  6 ugly things
  5 cyclopes
  7 salamanders
  2 orc sorcerers (Orc:1)
  An oklob plant (Lair:1)
  2 centaur skeletons (D:13)
  23 black mambas
  7 naga magi
  A smoke demon (Lair:5)
  5 cane toads
  2 unseen horrors
  An orange demon (D:9)
  Maggie (D:8)
  2 gargoyles
  7 komodo dragons
  A freezing wraith (D:14)
  An efreet (D:14)
  3 rime drakes
  4 yaktaurs (D:13)
  2 polar bears
  8 trolls
  A hornet (D:9)
  9 blink frogs
  A harpy skeleton (D:13)
  2 dream sheep (Lair:5)
  Sigmund (D:6)
  A jumping spider (shapeshifter) (D:14)
  A vampire (D:9)
  4 wyverns
  A shadow (D:11)
  10 slime creatures
  2 wraiths
  25 yaks
  6 basilisks
  A ynoxinul (Lair:5)
  A steam dragon (D:7)
  2 vampire mosquitoes (D:12)
  2 chaos spawn (Lair:5)
  Menkaure (D:4)
  A warg (Orc:1)
  20 nagas
  11 water moccasins
  3 acid dragons
  Duvessa (D:6)
  An ice beast (D:6)
  A sky beast (D:7)
  4 black bears
  18 orc warriors
  10 wolves
  12 ogres
  3 boggarts (D:14)
  2 centaurs (D:7)
  A lemure (D:4)
  3 kobold brigands
  2 phantoms
  8 bullfrogs
  A gnoll sergeant (D:8)
  A scorpion (D:5)
  6 wights (D:7)
  Dowan (D:6)
  5 small abominations (Lair:5)
  11 killer bees
  7 electric eels
  3 howler monkeys
  5 hounds
  17 orc priests
  4 jellies
  2 sleepcaps
  6 iguanas
  21 orc wizards
  2 hell rats (Lair:2)
  4 gnolls
  3 adders
  7 river rats (Lair:2)
  A shadow imp (D:8)
  11 white imps
  A worm (D:3)
  2 dart slugs
  60 orcs
  3 ball pythons
  12 endoplasms
  A giant cockroach (D:2)
  5 goblins
  7 hobgoblins
  A jackal (D:3)
  2 quokkas
  4 bats
  2 frilled lizards
  21 kobolds
  2 orc zombies (Orc:1)
  5 rats
587 creatures vanquished.

Vanquished Creatures (collateral kills)
  Gastronok (Orc:1)
  Roxanne (Snake:1)
  Kirke (Lair:5)
  Snorg (Orc:1)
  An ettin (Orc:2)
  Josephine (Lair:3)
  An anaconda (Snake:2)
  An ogre mage (Orc:2)
  3 hydras
  A catoblepas (Lair:3)
  A boulder beetle (Lair:3)
  2 two-headed ogres
  2 naga warriors (Snake:2)
  2 death yaks (Lair:5)
  3 naga sharpshooters
  A skeletal warrior (D:15)
  2 skysharks
  Amaemon (D:9)
  2 deep trolls (Orc:2)
  An orc knight (D:13)
  A lindwurm (Lair:5)
  An oklob plant (Lair:5)
  3 ugly things
  2 orc sorcerers (Orc:1)
  7 salamanders
  2 cyclopes (Orc:2)
  2 manticores (Lair:3)
  A large abomination (Lair:5)
  Maurice (D:11)
  A water nymph (Lair:3)
  2 guardian serpents
  5 black mambas
  A centaur skeleton (D:13)
  2 gargoyles
  A torpor snail (Lair:4)
  3 cane toads
  3 komodo dragons
  A yaktaur (D:13)
  3 rime drakes (Lair:5)
  2 ancient zymes (Lair:5)
  7 trolls
  A polar bear (shapeshifter) (D:15)
  16 blink frogs
  4 dream sheep (Lair:5)
  A spriggan (shapeshifter) (Lair:5)
  2 wyverns
  5 basilisks
  3 slime creatures
  A ynoxinul (Lair:5)
  4 wraiths (Lair:3)
  24 yaks
  2 hogs (Lair:5)
  A chaos spawn (Lair:5)
  2 vampire mosquitoes (D:12)
  9 nagas
  5 water moccasins
  3 orc warriors
  An ice beast (D:6)
  6 wolves
  A black bear (Lair:1)
  12 ogres
  3 centaurs
  A phantom (D:5)
  A bullfrog (Lair:3)
  A kobold brigand (D:10)
  A scorpion (D:7)
  6 wights (D:7)
  3 small abominations (Lair:5)
  3 killer bees (D:10)
  A jelly (D:5)
  2 orc priests (Orc:1)
  A hound (D:7)
  A sleepcap (D:7)
  6 orc wizards
  An iguana (D:7)
  2 river rats (Lair:2)
  2 white imps (D:11)
  A worm (D:5)
  20 orcs
  4 kobolds
  3 butterflies (Lair:4)
246 creatures vanquished.

Vanquished Creatures (others)
  2 anaconda zombies (Snake:2)
  4 ugly thing zombies
  A shock serpent zombie (Snake:4)
  A spectral rakshasa (D:14)
  2 unseen horror zombies
  2 catoblepas zombies
  A hydra zombie (Lair:5)
  3 mana viper zombies
  A spectral black mamba (Lair:5)
  10 black mamba zombies
  A wraith (D:13)
  A slime creature zombie (D:9)
  2 two-headed ogre zombies (Orc:2)
  A skyshark zombie (Lair:4)
  2 deep troll zombies (Orc:2)
  A water moccasin (D:6)
  2 cane toad zombies
  2 elf zombies (D:12)
  A spectral smoke demon (Lair:5)
  A spectral efreet (D:14)
  A hornet zombie (D:9)
  2 dream sheep zombies (Lair:5)
  An orc warrior (Orc:2)
  A manticore zombie (Lair:3)
  A hog zombie (Lair:5)
  8 blink frog zombies
  2 rime drake zombies (Lair:5)
  3 komodo dragon zombies
  A spectral water moccasin (Lair:5)
  A yaktaur zombie (D:13)
  2 cyclops zombies
  4 salamander zombies
  A fire crab zombie (Lair:5)
  2 wyvern zombies
  10 water moccasin zombies
  A warg zombie (Orc:1)
  4 troll zombies
  18 yak zombies
  8 wolf zombies
  2 centaur zombies
  A black bear zombie (D:11)
  A bullfrog zombie (Lair:3)
  4 basilisk zombies
  A boggart zombie (D:14)
  A scorpion zombie (D:5)
  2 killer bee zombies
  5 ogre zombies (Orc:2)
  An acid dragon zombie (D:13)
  20 naga zombies
  A hound zombie (D:5)
  A howler monkey zombie (D:7)
  A spectral electric eel (D:6)
  A white imp (D:6)
  2 human zombies
  2 iguana zombies
  3 jelly zombies
  6 spectral white imps (D:11)
  2 orcs
  2 river rat zombies (Lair:2)
  4 kobold zombies (D:8)
  54 orc zombies
  A quokka zombie (D:5)
  37 fungi
  110 plants
377 creatures vanquished.

Grand Total: 1210 creatures vanquished

Notes
Turn   | Place    | Note
-------+----------+-------------------------------------------
     0 | D:1      | Mesmaeker13 the Barachi Artificer began the quest for the
                  | Orb.
     0 | D:1      | Reached XP level 1. HP: 15/15 MP: 1/1
   194 | D:1      | Reached XP level 2. HP: 19/21 MP: 2/2
   466 | D:1      | Reached skill level 2 in Fighting
   499 | D:1      | Reached skill level 1 in Throwing
   557 | D:1      | Reached XP level 3. HP: 25/27 MP: 3/3
   909 | D:2      | Found a faded altar of an unknown god.
  1648 | D:3      | Reached XP level 4. HP: 9/34 MP: 4/4
  1894 | D:3      | Reached XP level 5. HP: 40/40 MP: 5/5
  1908 | D:3      | Reached skill level 3 in Fighting
  2130 | D:4      | Noticed Menkaure
  2138 | D:4      | Killed Menkaure
  2139 | D:4      | Reached XP level 6. HP: 30/48 MP: 6/6
  2205 | D:4      | Noticed Pikel
  2254 | D:4      | Found a burning altar of Makhleb.
  2596 | D:4      | Found a basalt altar of Yredelemnul.
  2614 | D:4      | Became a worshipper of Yredelemnul the Dark
  2747 | D:4      | Found Keriott's Antique Weapon Shop.
  2765 | D:4      | Found a staircase to the Ecumenical Temple.
  2771 | Temple   | Entered the Ecumenical Temple
  2959 | D:4      | Reached skill level 4 in Fighting
  3047 | D:4      | Found a blossoming altar of Fedhas.
  3231 | D:4      | Killed Pikel
  3232 | D:4      | Reached skill level 5 in Fighting
  3232 | D:4      | Reached skill level 5 in Armour
  3232 | D:4      | Reached skill level 5 in Evocations
  3232 | D:4      | Reached XP level 7. HP: 12/56 MP: 7/7
  3520 | D:5      | Entered Level 5 of the Dungeon
  3701 | D:5      | Reached XP level 8. HP: 44/62 MP: 8/8
  3808 | D:5      | Found a broken altar of Ashenzari.
  3816 | D:5      | Reached * piety under Yredelemnul
  3868 | D:5      | Found a shadowy altar of Dithmenos.
  3990 | D:5      | Reached skill level 1 in Invocations
  4342 | D:5      | Found a snail-covered altar of Cheibriados.
  4812 | D:6      | Noticed Duvessa
  4819 | D:6      | Noticed Dowan
  4829 | D:6      | Killed Dowan
  4845 | D:6      | Killed Duvessa
  4846 | D:6      | Reached skill level 6 in Fighting
  5573 | D:6      | Reached skill level 5 in Throwing
  5763 | D:6      | Reached XP level 9. HP: 57/71 MP: 10/10
  5784 | D:6      | Reached skill level 1 in Maces & Flails
  6093 | D:6      | Noticed Sigmund
  6104 | D:6      | Killed Sigmund
  6143 | D:6      | Your ally Sigmund died
  6730 | D:7      | Reached skill level 7 in Fighting
  7132 | D:7      | Reached skill level 1 in Long Blades
  7377 | D:7      | Reached XP level 10. HP: 79/79 MP: 12/12
  7984 | D:8      | Noticed Maggie
  7996 | D:8      | Killed Maggie
  7997 | D:8      | Reached skill level 8 in Fighting
  8036 | D:8      | Your ally Maggie died
  8750 | D:8      | Found Ruepyago's Antique Armour Shop.
  8763 | D:8      | Reached ** piety under Yredelemnul
  8788 | D:8      | Bought a spiked helmet for 199 gold pieces
  8788 | D:8      | Identified the +1 helmet of Bawor {*Corrode Str+3 Int+4
                  | Dex+6} (You bought it in a shop on level 8 of the Dungeon)
  8827 | D:8      | Found a hide-covered altar of Uskayaw.
  9076 | D:9      | Reached skill level 5 in Invocations
  9170 | D:9      | Found a staircase to the Orcish Mines.
  9303 | D:9      | Reached skill level 1 in Polearms
  9304 | D:9      | Found a shimmering altar of Xom.
  9363 | D:9      | Reached *** piety under Yredelemnul
  9519 | D:9      | Noticed Amaemon
  9519 | D:9      | Noticed an orange demon
  9539 | D:9      | Killed Amaemon
  9540 | D:9      | Reached XP level 11. HP: 87/87 MP: 14/14
  9542 | D:9      | Reached skill level 9 in Fighting
  9910 | D:9      | Reached **** piety under Yredelemnul
 10199 | D:10     | Entered Level 10 of the Dungeon
 10294 | D:10     | Found an ancient bone altar of Kikubaaqudgha.
 10948 | D:10     | Identified the +3 whip of Resumed Hostilities {heavy,
                  | *Noise Int+2 Dex+8 Stlth-}
 11778 | D:11     | Found Guzez's One-of-a-Kind Rings.
 12053 | D:11     | Found a staircase to the Lair.
 12134 | D:11     | Found the amulet of Elemental Vulnerability {rPois rF--
                  | rC-- AC+8}
 12193 | D:11     | Reached skill level 10 in Armour
 12309 | D:11     | Noticed Maurice
 12319 | D:11     | Killed Maurice
 12344 | D:11     | Found a frozen archway.
 12474 | D:11     | Found a radiant altar of Vehumet.
 12646 | D:12     | Reached skill level 10 in Fighting
 12646 | D:12     | Reached XP level 12. HP: 95/97 MP: 16/16
 12725 | D:12     | Found Ruuk Kus's Antique Weapon Boutique.
 12755 | D:12     | Noticed a two-headed ogre
 12763 | D:12     | Killed a two-headed ogre
 13127 | D:12     | Reached skill level 10 in Evocations
 13508 | D:11     | Reached skill level 5 in Polearms
 13510 | Lair:1   | Entered Level 1 of the Lair of Beasts
 14048 | Lair:1   | Reached ***** piety under Yredelemnul
 14615 | Lair:1   | Reached skill level 11 in Fighting
 14857 | Lair:2   | Gained mutation: You can hop long distances. [Barachi
                  | growth]
 14857 | Lair:2   | Reached XP level 13. HP: 106/106 MP: 18/18
 15124 | Lair:2   | Identified the staff of death "Jotithro" {rC- rN+ Int+3
                  | Dex+3 SInv}
 15626 | Lair:2   | Found a blossoming altar of Fedhas.
 16295 | Lair:3   | Found a staircase to the Snake Pit.
 16306 | Lair:3   | Found a staircase to the Shoals.
 16986 | Lair:3   | Noticed Josephine
 17004 | Lair:3   | Killed Josephine
 17341 | Lair:4   | Found a viscous altar of Jiyva.
 17407 | Lair:4   | Found a staircase to the Slime Pits.
 17563 | Lair:4   | Identified the +8 dagger of the Endless Expanse {flame,
                  | Str+3}
 17664 | Lair:4   | Found a gate leading to a gauntlet.
 17723 | Lair:4   | Reached skill level 12 in Fighting
 17860 | Lair:4   | Noticed Sonja
 17868 | Lair:4   | Killed Sonja
 17869 | Lair:4   | Reached skill level 10 in Throwing
 18200 | Lair:5   | Entered Level 5 of the Lair of Beasts
 18211 | Lair:5   | Noticed Rupert
 18437 | Lair:5   | Reached skill level 5 in Dodging
 18472 | Lair:5   | Reached XP level 14. HP: 111/115 MP: 20/20
 18941 | Lair:5   | Killed Rupert
 18942 | Lair:5   | Reached skill level 13 in Fighting
 19666 | Lair:5   | Found a corrupted altar of Lugonu.
 19666 | Lair:5   | Found a one-way gate to the infinite horrors of the Abyss.
 19676 | Lair:5   | Identified the +4 triple sword "Lotuqaes" {flame, *Rage
                  | Will+ rCorr Str+2}
 19883 | Lair:5   | Noticed Kirke
 19893 | Lair:5   | Killed Kirke
 19945 | Lair:5   | Reached XP level 15. HP: 117/124 MP: 22/22
 20197 | Orc:1    | Entered Level 1 of the Orcish Mines
 20354 | Orc:1    | Noticed Gastronok
 20387 | Orc:1    | Killed Gastronok
 20606 | Orc:1    | Noticed Nergalle
 20622 | Orc:1    | Killed Nergalle
 20632 | Orc:1    | Your ally Nergalle died
 20717 | Orc:1    | Learned a level 3 spell: Mephitic Cloud
 20727 | Orc:2    | Entered Level 2 of the Orcish Mines
 20774 | Orc:2    | Noticed Snorg
 20922 | Orc:1    | Killed Snorg
 20952 | Orc:1    | Reached skill level 1 in Poison Magic
 21429 | Orc:2    | Found a staircase to the Elven Halls.
 21488 | Orc:2    | Reached skill level 10 in Invocations
 21674 | Orc:2    | Reached skill level 14 in Fighting
 21703 | Orc:2    | Found Mucuzxer's Weapon Shoppe.
 21704 | Orc:2    | Found Fiacwop's Book Shoppe.
 21714 | Orc:2    | Reached ****** piety under Yredelemnul
 21715 | Orc:2    | Found Zakeetary's Jewellery Shop.
 21715 | Orc:2    | Found a runed translucent gate.
 21715 | Orc:2    | Noticed an orc warlord
 21726 | Orc:2    | Found a runed translucent gate.
 21727 | Orc:2    | Found a runed translucent gate.
 21727 | Orc:2    | Noticed Killmatronix's ghost (journeyman DsWr)
 21728 | Orc:2    | Found the +3 Elemental Staff {rElec rF+ rC+ AC+3}
 21729 | Orc:2    | Found an iron altar of Okawaru.
 21738 | Orc:2    | Found Ydyop's Antique Armour Emporium.
 21759 | Orc:2    | Bought a +4 glaive of freezing for 471 gold pieces
 21900 | Orc:1    | Noticed an orc warlord
 21905 | Orc:1    | Noticed Erica
 22606 | D:13     | Reached skill level 10 in Polearms
 22844 | D:13     | Reached XP level 16. HP: 81/134 MP: 23/23
 23172 | D:13     | Found a gate to the Vaults.
 23201 | D:13     | You fall into a shaft and drop 2 floors!
 23201 | D:15     | Entered Level 15 of the Dungeon
 23300 | D:15     | Reached skill level 5 in Poison Magic
 23823 | D:14     | Found a portal to a secret trove of treasure.
 23917 | D:14     | Found Ofefyun's Antique Weapon Boutique.
 24747 | Orc:2    | Bought the amulet "Beruafui" {Reflect Dex+2 Slay+3 SH+5}
                  | for 591 gold pieces
 24865 | D:8      | Bought a blackened scale mail for 189 gold pieces
 24865 | D:8      | Identified the +0 scale mail of Tamudim {*Slow Str+7 Int+3}
                  | (You bought it in a shop on level 8 of the Dungeon)
 24865 | D:8      | Bought a pair of embroidered gloves for 157 gold pieces
 24992 | Snake:1  | Entered Level 1 of the Snake Pit
 25278 | Snake:1  | Reached skill level 1 in Air Magic
 25369 | Snake:1  | Reached skill level 15 in Fighting
 25718 | Snake:1  | Identified Roxanne's Compendium of Evolution
 25718 | Snake:1  | Noticed Roxanne
 25746 | Snake:1  | Found a runed translucent door.
 25760 | Snake:1  | Killed Roxanne
 25765 | Snake:1  | Identified the +2 sling "Mamua" {speed, Drain Str+3}
 26071 | Snake:1  | Noticed Termiter's ghost (journeyman DsNe)
 26289 | Snake:1  | Killed Termiter's ghost
 26335 | Snake:2  | Reached skill level 10 in Dodging
 26493 | Snake:2  | Noticed a nagaraja
 26508 | Snake:2  | Killed a nagaraja
 26839 | Snake:2  | Identified the ring "Zautz" {rElec rN++ EV+5 Int-3}
 27293 | Snake:3  | Noticed a nagaraja
 27301 | Snake:3  | Killed a nagaraja
 27535 | Snake:3  | Found Wapsogiuw's Vocational Training.
 27858 | Snake:3  | Reached XP level 17. HP: 127/142 MP: 25/25
 28290 | Snake:3  | Found a runed translucent gate.
 28290 | Snake:3  | Found a runed translucent gate.
 28292 | Snake:3  | Found a runed translucent gate.
 28294 | Snake:3  | Noticed MrClown's ghost (adept DsNe)
 28492 | Snake:4  | Entered Level 4 of the Snake Pit
 28782 | Snake:4  | Reached skill level 5 in Air Magic
 28896 | Snake:4  | Found Bisacs Qerun's Magic Scroll Boutique.
 28914 | Snake:4  | Bought a scroll of identify for 44 gold pieces
 28914 | Snake:4  | Bought a scroll of identify for 44 gold pieces
 29151 | Snake:4  | Reached skill level 16 in Fighting
 29190 | Snake:4  | Demolished by a naga warrior

Illustrated notes

Levels and vault maps discovered:
D:1:      lightli_arrival_flooded_house, layout_loops_ring, minmay_octomino_e4
D:2:      layout_loops_ring, shapermc_ecumenical_altar_notcrosses
D:3:      layout_basic, st_stairs_6
D:4:      layout_cave_pools, mainiacjoe_overflow_catwalk, fedhas_ov_isle_minmay,
          mainiacjoe_overflow_chevrons, temple_green, serial_park,
          serial_park_gazebo [serial_park_minivault_5x5_7], serial_park_square2,
          serial_park_tiny_2, serial_shops,
          nicolae_shop_temple_entry_statues_fountains, eino_curves_03,
          nicolae_zen_rock_garden, st_stairs_3, uniq_menkaure, uniq_pikel
D:5:      layout_basic, mainiacjoe_overflow_boulevard,
          mainiacjoe_overflow_cross_hatched, ashenzari_conservatory_becter
D:6:      layout_basic, kennysheep_boxes, uniq_sigmund, uniq_duvessa
D:7:      layout_gridville, minmay_stone_trees_medium, kennysheep_potato
D:8:      layout_rooms, eat_drink_and_be_merry_uskayaw, serial_shops,
          nicolae_square_shop, minmay_crystal_room,
          kennysheep_decorative_pillar, minmay_stone_trees_small, st_stairs_8,
          uniq_maggie
D:9:      layout_roguey, tgw_xom, david_orc_5, hangedman_abyss_or_decor_stabs,
          uniq_amaemon
D:10:     layout_basic, kiku_gazebo_pond_becter
D:11:     layout_irregular_city, minmay_lair_entry_grove,
          portal_ice_cave_entry_imps, nicolae_shop_unique_rings,
          vehumet_altar_wand_db, uniq_maurice
D:12:     layout_gridville, serial_shops, nicolae_shop_advertising_works
          [nicolae_subvault_shop_adworks]
D:13:     layout_loops_ring, hangedman_vaults_entry_quadrant_bands,
          grunt_ministairs_5
D:14:     layout_gridville, nicolae_trove_entry_crossroad, serial_shops,
          nicolae_shop_statue_plus
D:15:     grunt_enter_depths_hoard, layout_long_grid,
          maelrawn_ghost_gauntlet_escape, chequers_avenue, item_on_display_a
Temple:   dshaligram_water_room_temple
Lair:1:   layout_regular_city, minivault_11, dpeg_stationary_puzzle,
          wad_woods_river_01, serial_bayou_shore_b
Lair:2:   layout_roguey, hangedman_tree_tricks, kennysheep_rathole,
          serial_bayou_shore_a, grunt_megastairs_2
Lair:3:   nzn_motion_control, layout_cave_pods, nicolae_shoals_entry_flooding,
          guppyfry_snake_entry_island, uniq_josephine
Lair:4:   layout_layer_cave, minmay_slime_entry_pillars, gauntlet_entry_generic,
          lemuel_fruit_fields, serial_bayou_shore_b, uniq_sonja
Lair:5:   hellmonk_lair_end_abyssal_woods, layout_regular_city,
          minmay_lair_drake_nest, grunt_megastairs_3, uniq_kirke, uniq_rupert
Snake:1:  layout_concentric_octagons, ebering_ghost_reflecting_pool,
          uniq_roxanne
Snake:2:  layout_rooms
Snake:3:  layout_layer_cave, gammafunk_ghost_necromancy, grunt_ministairs_3,
          st_stairs_8, nicolae_shop_vocational
Snake:4:  snake_pit, layout_onion, serial_shops, nicolae_shop_tiny_waterfront,
          grunt_megastairs_4, serial_bayou_shore_b
Orc:1:    layout_caves, mines4_lemuel, uniq_erica, uniq_nergalle, uniq_gastronok
Orc:2:    st_orc_open, layout_diamond_mine, gammafunk_ghost_fury_of_okawaru,
          enter_volcano_1, uniq_snorg

Skill      XL: |  1  2  3  4  5  6  7  8  9 10 11 12 13 14 15 16 17 |
---------------+----------------------------------------------------+-----
Fighting       | 2 3 5 6 7 8 10 11 12 13 14 15 16 | 16.0
Throwing       | 1 2 4 5 6 7 8 9 10 11 | 11.3
Armour         | 3 4 5 6 7 9 10 11 | 11.1
Evocations     | 4 5 6 7 8 9 10 11 12 | 12.8
Invocations    | 2 3 5 6 7 8 9 10 11 | 11.9
Maces & Flails | 2 |  2.4
Long Blades    | 2 4 |  4.0
Polearms       | 2 4 5 7 8 10 11 | 11.7
Dodging        | 5 7 9 10 11 | 11.1
Poison Magic   | 4 5 |  5.6
Air Magic      | 4 5 |  5.6
Stealth        | |  0.8

Action                     |  1- 3 |  4- 6 |  7- 9 | 10-12 | 13-15 | 16-18 || total
---------------------------+-------+-------+-------+-------+-------+-------++-------
  Melee: Dagger            |   106 |    88 |       |       |       |       ||   194
         Club              |    13 |       |       |       |       |       ||    13
         Punch             |       |     2 |     1 |     4 |    11 |       ||    18
         Short sword       |       |    43 |    96 |       |       |       ||   139
         Whip              |       |       |    43 |       |       |       ||    43
         Mace              |       |       |    49 |       |       |       ||    49
         Great sword       |       |       |    27 |   114 |       |       ||   141
         Trident           |       |       |       |   458 |   864 |       ||  1322
         Glaive            |       |       |       |       |   153 |   411 ||   564
  Throw: Dart              |     6 |     2 |     4 |    60 |    85 |     3 ||   160
         Javelin           |       |     3 |    13 |    22 |    37 |       ||    75
         Boomerang         |       |       |    44 |    33 |    41 |    36 ||   154
   Cast: Mephitic Cloud    |       |       |       |       |     1 |       ||     1
 Invoke: Recall Undead Har |       |       |     1 |    10 |     8 |     3 ||    22
         Dark Bargain      |       |       |       |     1 |     2 |     3 ||     6
Ability: Hop               |       |     1 |       |       |     7 |     4 ||    12
  Evoke: Wand              |       |    20 |    17 |    27 |    23 |    10 ||    97
         Lightning rod     |       |       |       |     6 |    24 |     8 ||    38
         Box of beasts     |       |       |       |     2 |     6 |     1 ||     9
         Piece from Xom's  |       |       |       |       |     3 |       ||     3
         Phantom mirror    |       |       |       |       |     2 |     1 ||     3
    Use: Scroll            |     4 |     1 |     2 |     7 |    15 |     7 ||    36
         Potion            |       |       |     3 |     2 |     9 |     8 ||    22
   Stab: Sleeping          |     2 |       |       |       |       |       ||     2
         Paralysed         |       |       |    17 |    50 |    10 |       ||    77
         Distracted        |       |       |     2 |     7 |    16 |     9 ||    34
         Petrified         |       |       |       |       |     6 |       ||     6
         Confused          |       |       |       |       |     1 |       ||     1
 Armour: Leather armour    |    18 |       |       |       |       |       ||    18
         Ring mail         |    23 |    14 |    56 |    11 |       |       ||   104
         Swamp dragon scal |       |       |       |   223 |   426 |   114 ||   763
         Skin              |       |       |       |       |    31 |       ||    31
  Dodge: Dodged            |    57 |   101 |   166 |   486 |  1024 |   326 ||  2160
  Block: Other             |       |       |       |       |       |    69 ||    69
         Reflection        |       |       |       |       |       |     5 ||     5
